 Dungeon Crawl Stone Soup version 0.17-a0-2127-g1cb09f6 (webtiles) character file.

105 4thArraOfDagon the Poker (level 4, 1/34 HPs)
             Began as a Demonspawn Gladiator on Oct 23, 2015.
             Was a Follower of Makhleb.
             Quit the game in an ossuary.
             The game lasted 00:04:33 (868 turns).

4thArraOfDagon the Poker (Demonspawn Gladiator)      Turns: 868, Time: 00:04:34

Health: 1/34       AC:  8    Str: 13 (16) XL:     4   Next: 54%
Magic:  5/5        EV: 15    Int: 10      God:    Makhleb [*.....]
Gold:   27         SH:  0    Dex: 18      Spells: 0 memorised, 3 levels left

rFire  . . .     SeeInvis .     a - +0 trident
rCold  . . .     Clarity  .     h - +0 scale mail
rNeg   . . .     SustAt   .     (no shield)
rPois  .         Gourm    .     c - +1 helmet
rElec  .         Spirit   .     (no cloak)
rCorr  .         Warding  .     (no gloves)
rMut   .         Stasis   .     (no boots)
MR     .....                    (no amulet)
Stlth  +.........               (no ring)
                                (no ring)

@: agile, slowed, very slow, not resistant to hostile enchantments, very
unstealthy
A: claws 1
a: Renounce Religion


You were in an ossuary.
You worshipped Makhleb.
Makhleb was aware of your devotion.
You were not hungry.

You visited 2 branches of the dungeon, and saw 5 of its levels.
You also visited: Ossuary.

You collected 27 gold pieces.

Inventory:

Hand Weapons
 a - a +0 trident (weapon)
Missiles
 d - 2 throwing nets (quivered)
Armour
 c - a +1 helmet (worn)
 h - a +0 scale mail (worn)
Scrolls
 g - 2 scrolls of remove curse


   Skills:
 + Level 2.9 Fighting
 * Level 3.8 Polearms
 - Level 1.7 Throwing
 + Level 3.3 Dodging
 + Level 1.3 Invocations


You had 3 spell levels left.
You didn't know any spells.

Dungeon Overview and Level Annotations

Branches:
Dungeon (4/15)             Temple (1/1) D:4

Altars:
Kikubaaqudgha
Makhleb
Qazlal
Sif Muna
Vehumet
Yredelemnul
Zin

Annotations:
Ossuary radek's ghost, amateur DECj


Innate Abilities, Weirdness & Mutations

You have sharp fingernails.


Message History

Drink which item? (? for menu, Esc to quit)
It was a potion of degeneration.
There was something very wrong with that liquid.
You feel weakened. The wraith misses you. The orc skeleton hits you.
* * * LOW HITPOINT WARNING * * *
The wraith completely misses you. The orc skeleton barely misses you.
Unknown command.
Unknown command.
Unknown command.
The wraith hits you.
* * * LOW HITPOINT WARNING * * *
The wraith drains your vigour!
You feel as though you will be slow longer.
* * * LOW HITPOINT WARNING * * *
Unknown command.
Unknown command.
Read which item? (? for menu, Esc to quit)
Okay, then.
Are you sure you want to abandon this character and quit the game? (Confirm with "yes".)

#.∩.......,,....,,,,,,,,∩,*
#.......#####'#####,,,,,,,*
#......##.........##,,,,,,*
#.....##...##'##...#*,,,,,*
#....##...##...##...**,,,,*
#....#..W##..W..##,,.*,,,,*
#....'...#..?!...#,..',,,,*
#....#...##.ZWZ.##...*,,,,*
#....##...##.@.##...#*,,,,*
#.....##...#####...#*,,,,,*
#......##.........##.,,,,,*
#.......#####'#####..,,,,,*
#.∩..................,,,∩,*
#....................,,,,,*
############'''######******
***#...#*** *,,+...+,,*


You could see a wraith, radek's ghost and 2 orc skeletons.

Vanquished Creatures
  2 orc wizards (D:4)
  A mummy (Ossuary)
  An adder (D:2)
  3 orcs (D:4)
  3 bats (D:2)
  A giant cockroach (D:1)
  4 goblins
  3 hobgoblins
  A kobold (D:2)
  A giant newt (D:1)
  4 gnoll skeletons (Ossuary)
  2 kobold skeletons (Ossuary)
  9 orc skeletons (Ossuary)
  2 rats
37 creatures vanquished.

Notes
Turn   | Place    | Note
--------------------------------------------------------------
     0 | D:1      | 4thArraOfDagon the Demonspawn Gladiator began the quest for the Orb.
     0 | D:1      | Reached XP level 1. HP: 16/16 MP: 1/1
    51 | D:2      | Reached skill level 3 in Polearms
    51 | D:2      | Gained mutation: You have sharp fingernails. [demonic ancestry]
    51 | D:2      | Reached XP level 2. HP: 20/22 MP: 2/2
    70 | D:2      | Found a basalt altar of Yredelemnul.
   191 | D:4      | Found a staircase to the Ecumenical Temple.
   194 | Temple   | Entered the Ecumenical Temple
   250 | Temple   | Became a worshipper of Makhleb the Destroyer
   296 | D:4      | Reached XP level 3. HP: 23/28 MP: 3/3
   362 | D:4      | Reached skill level 1 in Invocations
   362 | D:4      | Reached XP level 4. HP: 4/34 MP: 4/4
   372 | D:4      | Found a sand-covered staircase.
   377 | Ossuary  | Entered an ossuary
   377 | Ossuary  | Noticed a wraith
   377 | Ossuary  | Noticed a wraith
   377 | Ossuary  | Noticed a wraith
   793 | Ossuary  | Reached * piety under Makhleb
   813 | Ossuary  | Noticed radek's ghost (amateur DECj)
   821 | Ossuary  | Noticed a wraith
   867 | Ossuary  | HP: 1/34 [wraith (1)]
   868 | Ossuary  | Quit the game

Vault maps used:
D:1:      minmay_arrival_open_corners
D:2:      yredelemnul_altar_generic, uniq_crazy_yiuf_cottage
D:3:      lightli_temple_of_fire, uniq_terence
D:4:      lemuel_doored_altar, minmay_temple_entry_junction,
          lightli_ossuary_entry_decrepit_ruins
Temple:   hc_temple_tempest_star_small
Ossuary:  ossuary_due_mausoleum

Action                   |  1- 3 |  4- 6 || total
-------------------------+-------+-------++-------
Melee: Trident           |    81 |    56 ||   137
Throw: Throwing net      |     2 |       ||     2
  Use: Scroll            |       |     3 ||     3
       Potion            |       |     2 ||     2
 Stab: Sleeping          |     1 |       ||     1
       Held in net/web   |     2 |       ||     2
  Eat: Bread ration      |       |     1 ||     1
